AoeStats
← 海峡

Arabia

508828022Analyzed
1v1 RM · 9d ago on Sep 24, 2026· 22m 18s· 2 players
Game mode
Random Map
Map size
Tiny (2 player)
Population
200
Speed
Normal
Resources
Standard
Victory
Conquest
Starting age
Dark Age
Ending age
Imperial Age
RankedLock teamsTeams togetherTeam positionsShared explorationLock speedFull tech treeHidden civsTurbo modeCheats
Victory
Defeat
🇧🇩 Khitans · Bangladesh
1579
+19
🇨🇳 Inca · China
1647
-19
ThreeEyedRaven
5:54 Loom
8:28 Feudal Age
9:00 Double-Bit Axe
14:18 Forging
19:51 Castle Age
17:47 Domestication
18:25 Fletching
18:49 Gold Mining
20:09 Padded Archer Armor
20:31 Bodkin Arrow
21:46 Husbandry
22:38 Ballistics
海峡
6:36 Loom
9:15 Feudal Age
9:18 Champi Runner
9:52 Double-Bit Axe
14:18 Horse Collar
20:44 Castle Age
19:08 Scale Mail Armor
19:15 Gold Mining
21:23 Forging
21:04 Champi Warrior
Connection lost

Rejoining the realm…

Still unreachable

The connection could not be restored.

Session expired

The server has moved on; the page needs a fresh start.